 Dungeon Crawl Stone Soup version 0.23.2-33-g5129a83184 (webtiles) character file.

Game seed: 5814656537630238026

7196 Acheron the Skirmisher (level 10, -1/83 HPs)
             Began as a Yellow Draconian Wanderer on July 23, 2019.
             Was a Priest of Okawaru.
             Slain by a basilisk (3 damage)
             ... while petrified by a basilisk
             ... on level 10 of the Dungeon.
             The game lasted 01:20:11 (13091 turns).

Acheron the Skirmisher (Yellow Draconian Wanderer) Turns: 13091, Time: 01:20:11

Health: -1/83      AC: 10    Str: 19    XL:     10   Next: 87%
Magic:  16/16      EV:  2    Int: 12    God:    Okawaru [***...]
Gold:   385        SH:  0    Dex: 13    Spells: 12/17 levels left

rFire    . . .     SeeInvis +   y - +0 war axe
rCold    . . .     Gourm    .   h - +2 buckler
rNeg     + + +     Faith    .   (armour unavailable)
rPois    ∞         Spirit   .   (helmet restricted)
rElec    .         Reflect  .   F - +0 cloak
rCorr    +         Harm     .   u - +0 pair of gloves {Str+3}
MR       .....                  m - +0 pair of boots
Stlth    ++++......             (no amulet)
HPRegen  0.23/turn              C - ring of see invisible
MPRegen  0.15/turn              E - +4 ring of evasion (curse)

@: petrified, heroism
A: spit acid, unfitting armour, cold-blooded, acid resistance, AC +7
a: Breathe Acid, Heroism, Renounce Religion


You were on level 10 of the Dungeon.
You worshipped Okawaru.
Okawaru was most pleased with you.
You were not hungry.

You visited 2 branches of the dungeon, and saw 12 of its levels.

You collected 445 gold pieces.
You spent 60 gold pieces at shops.

Inventory:

Hand Weapons
 b - a +0 blowgun
 e - a +1 short sword
 l - a +0 flail
 y - a +0 war axe (weapon)
 z - a +0 vampiric morningstar
 H - a +0 trident
Missiles
 k - 130 stones (quivered)
 q - 49 poisoned needles
 B - 8 curare-tipped needles
Armour
 h - a +2 buckler (worn)
 m - a +0 pair of boots (worn)
 u - a +0 pair of gloves of strength (worn)
 F - a +0 cloak (worn)
Jewellery
 C - a ring of see invisible (left hand)
 E - a cursed +4 ring of evasion (right hand)
Wands
 d - a wand of paralysis (2)
 p - a wand of iceblast (4)
 w - a wand of digging (13)
Scrolls
 a - 3 scrolls of teleportation
 c - a scroll of blinking
 j - 8 scrolls of identify
 n - 3 scrolls of magic mapping
 r - 2 scrolls of fear
 v - 2 scrolls of fog
 D - a scroll of amnesia
Potions
 g - 2 potions of flight
 i - a potion of brilliance
 o - 2 potions of curing
 s - a potion of magic
 t - a potion of agility
 x - 6 potions of lignification
 A - a potion of resistance
Comestibles
 f - 7 rations


   Skills:
 * Level 6.0(11.0) Fighting
 + Level 5.8(10.8) Short Blades
 * Level 5.6(11.2) Axes
 + Level 3.8(10.3) Polearms
 * Level 1.9(6.9) Throwing
 * Level 5.6(10.6) Dodging
 * Level 5.1(10.1) Stealth
 - Level 4.2(9.2) Shields
 + Level 2.0(7.0) Unarmed Combat
 * Level 4.2 Spellcasting
 * Level 2.3 Conjurations
 * Level 4.4 Summonings
 + Level 0.5 Transmutations
 * Level 2.5 Air Magic
 * Level 2.8 Invocations
 * Level 4.3 Evocations


You had 12 spell levels left.
You knew the following spells:

 Your Spells              Type           Power        Failure   Level  Hunger
a - Shock                 Conj/Air       #...         8%          1    None
b - Call Imp              Summ           ##......     5%          2    ##.....
c - Summon Small Mammal   Summ           ##..         3%          1    None
d - Beastly Appendage     Tmut           #.....       17%         1    None

Your spell library contained the following spells:

 Spells                   Type           Power        Failure   Level  Hunger
 Call Canine Familiar     Summ           ##......     11%         3    ###....
 Swiftness                Chrm/Air       #.......     21%         2    ##.....
 Corona                   Hex            #......      22%         1    None
 Static Discharge         Conj/Air       #.......     24%         3    ###....
 Sticks to Snakes         Tmut           #.......     26%         2    ##.....
 Summon Guardian Golem    Hex/Summ       #.......     26%         3    ###....
 Ensorcelled Hibernation  Hex/Ice        #.....       32%         2    ##.....
 Dazzling Spray           Conj/Hex       #.....       38%         3    ###....
 Summon Lightning Spire   Summ/Air       ##......     45%         4    ####...
 Spider Form              Tmut/Pois      #.........   52%         3    ###....
 Confuse                  Hex            #.......     54%         3    ###....
 Tukima's Dance           Hex            #.......     54%         3    ###....
 Airstrike                Air            #.........   58%         4    ####...
 Summon Ice Beast         Ice/Summ       #.......     65%         4    ####...
 Ice Form                 Ice/Tmut       #.......     89%         4    ####...
 Lightning Bolt           Conj/Air       #.........   91%         5    ######.
 Blade Hands              Tmut           #.........   99%         5    ######.


Dungeon Overview and Level Annotations

Branches:
Dungeon (11/15)            Temple (1/1) D:6            Lair (0/6) D:10
    Orc (0/2) D:9

Altars:
Ashenzari
Cheibriados
Dithmenos
Elyvilon
Fedhas
Gozag
Hepliaklqana
Kikubaaqudgha
Makhleb
Nemelex Xobeh
Okawaru
Qazlal
Ru
Sif Muna
Trog
Uskayaw
Vehumet
Wu Jian
Xom
Yredelemnul
Zin
The Shining One

Shops:
D:6 :   D:8 ?   D:10 (

Annotations:
D:2 Sigmund, Terence
D:3 exclusion: upstairs
D:6 1 transporter, Prince Ribbit
D:10 exclusion: downstairs
D:11 Josephine


Innate Abilities, Weirdness & Mutations

You can spit globs of acid.
Your golden yellow scales are hard. (AC +7)
You cannot fit into any form of body armour.
You are cold-blooded and may be slowed by cold attacks.
You are resistant to acid. (rCorr)


Message History

The basilisk bites you but does no damage.
The basilisk closely misses you.
Your limbs are stiffening.
You slash the basilisk!
Your tail-slap misses the basilisk.
The basilisk is almost dead.
The basilisk bites you!
* * * LOW HITPOINT WARNING * * *
You have turned to stone.
The basilisk gazes at you. The basilisk bites you!
* * * LOW HITPOINT WARNING * * *
The basilisk gazes at you. You resist with some effort. The basilisk bites you!
* * * LOW HITPOINT WARNING * * *
The basilisk bites you!
* * * LOW HITPOINT WARNING * * *
The basilisk bites you but does no damage.
The basilisk gazes at you. The basilisk bites you!
You die...

###..#########...................
.................................
#################################
#### ### ####.. ###.#######
#..#.###.........###
###.....†....###.....#
..#.....l@....## ####..###
.......††####.# ###...
#......#†####.# ####
.#...####....## #. ...# #.###.###
## #. ## #.>.# # #####


You could see a basilisk.

Vanquished Creatures
  2 hippogriffs
  4 yaks (D:10)
  A hungry ghost (D:6)
  2 steam dragons (D:7)
  A swamp drake (D:10)
  3 sky beasts
  2 orc warriors
  3 black bears
  7 phantoms
  4 centaurs
  8 ogres
  A crocodile (D:10)
  4 big kobolds
  Blork the orc (D:6)
  4 bullfrogs
  A wyvern skeleton (D:10)
  2 scorpions
  2 troll zombies (D:9)
  11 killer bees
  2 howler monkeys
  3 wights (D:10)
  2 bullfrog zombies
  6 crimson imps
  A centaur zombie (D:6)
  A bullfrog skeleton (D:7)
  2 orc priests
  2 jellies
  3 hounds (D:9)
  12 orc wizards
  4 centaur skeletons
  Ijyb (D:4)
  An iguana (D:9)
  9 worker ants
  A killer bee zombie (D:7)
  6 ogre zombies (D:9)
  A hound zombie (D:7)
  A worker ant zombie (D:8)
  3 gnolls (D:4)
  A howler monkey skeleton (D:6)
  7 adders
  3 adder skeletons
  4 dart slugs
  A worm (D:3)
  4 leopard geckos
  42 orcs
  10 bats
  8 giant cockroaches
  3 goblins
  9 hobgoblins
  7 jackals
  2 quokkas
  3 frilled lizards
  2 goblin skeletons (D:9)
  3 goblin zombies (D:9)
  A hobgoblin zombie (D:9)
  A jackal skeleton (D:6)
  21 kobolds
  A leopard gecko skeleton (D:5)
  A leopard gecko zombie (D:8)
  2 orc skeletons (D:9)
  17 orc zombies (D:9)
  8 rats
285 creatures vanquished.

Vanquished Creatures (others)
  A wyvern (D:10)
  A crocodile (D:10)
2 creatures vanquished.

Grand Total: 287 creatures vanquished

Notes
Turn   | Place    | Note
-------+----------+-------------------------------------------
     0 | D:1      | Acheron the Draconian Wanderer began the quest for the Orb.
     0 | D:1      | Acheron set off with the following items: a +0 spear, a
                  | potion of lignification, 2 scrolls of blinking, a +0
                  | dagger, a ration
     0 | D:1      | Reached XP level 1. HP: 17/17 MP: 1/1
   140 | D:1      | Reached XP level 2. HP: 21/25 MP: 2/2
   508 | D:2      | Reached skill level 1 in Dodging
   528 | D:2      | Reached XP level 3. HP: 12/30 MP: 3/3
   820 | D:1      | You fall through a shaft!
   836 | D:2      | Noticed Sigmund
  1119 | D:2      | Noticed Terence
  1145 | D:4      | Found a burning altar of Makhleb.
  1178 | D:4      | Reached XP level 4. HP: 28/37 MP: 3/5
  1346 | D:4      | Noticed Ijyb
  1350 | D:4      | Reached skill level 1 in Spellcasting
  1395 | D:4      | Reached skill level 1 in Short Blades
  1632 | D:4      | Reached skill level 1 in Shields
  1632 | D:4      | Reached XP level 5. HP: 32/44 MP: 6/6
  1777 | D:4      | Reached skill level 3 in Fighting
  2034 | D:4      | Killed Ijyb
  2240 | D:4      | Learned a level 1 spell: Summon Small Mammal
  2310 | D:5      | Entered Level 5 of the Dungeon
  2338 | D:6      | Identified a scroll of acquirement
  2372 | D:6      | Reached XP level 6. HP: 46/51 MP: 8/8
  2541 | D:5      | Reached skill level 1 in Evocations
  2562 | D:5      | Learned a level 2 spell: Call Imp
  2719 | D:5      | Reached skill level 1 in Summonings
  2873 | D:5      | Your scales start taking on a golden yellow colour.
  2873 | D:5      | Reached XP level 7. HP: 47/57 MP: 9/9
  2873 | D:5      | Gained mutation: You are resistant to acid. (rCorr) [Yellow
                  | Draconian growth]
  3154 | D:4      | Learned a level 1 spell: Shock
  3662 | D:3      | Found a shadowy altar of Dithmenos.
  3665 | D:3      | Found a deep blue altar of Sif Muna.
  3677 | D:3      | Found a hazy altar of Hepliaklqana.
  3682 | D:3      | Found an opulent altar of Gozag.
  4053 | D:3      | Found a blossoming altar of Fedhas.
  4367 | D:6      | You fall through a shaft!
  4426 | D:6      | Reached skill level 1 in Axes
  4446 | D:6      | Noticed Prince Ribbit
  4714 | D:6      | Reached skill level 4 in Fighting
  4839 | D:6      | Found a staircase to the Ecumenical Temple.
  4848 | Temple   | Entered the Ecumenical Temple
  5049 | Temple   | Became a worshipper of Warmaster Okawaru
  5081 | D:6      | Reached XP level 8. HP: 35/66 MP: 11/11
  5357 | D:6      | Noticed Blork the orc
  5370 | D:6      | Killed Blork the orc
  5374 | D:6      | Found a transporter.
  5808 | D:5      | Reached * piety under Okawaru
  6722 | D:7      | Noticed a hippogriff
  7157 | D:8      | Noticed a hippogriff
  7200 | D:8      | Killed a hippogriff
  7200 | D:8      | Reached XP level 9. HP: 23/73 MP: 13/13
  7212 | D:8      | Reached ** piety under Okawaru
  7743 | D:6      | Found Zietuywn's Book Shop.
  7842 | D:6      | Paralysed by fainting for 8 turns
  7861 | D:6      | Reached skill level 5 in Fighting
  8457 | D:8      | Reached skill level 5 in Short Blades
  8844 | D:7      | Reached skill level 1 in Invocations
  9138 | D:7      | Reached skill level 5 in Dodging
  9138 | D:7      | Reached skill level 1 in Air Magic
  9174 | D:8      | Found Wariazxi's Magic Scroll Emporium.
  9182 | D:8      | Bought a scroll of noise for 12 gold pieces
  9182 | D:8      | Bought a scroll of identify for 24 gold pieces
  9182 | D:8      | Bought a scroll of identify for 24 gold pieces
  9210 | D:8      | Reached skill level 1 in Conjurations
  9900 | D:8      | Reached XP level 10. HP: 67/81 MP: 13/15
 11324 | D:9      | Learned a level 1 spell: Beastly Appendage
 11370 | D:9      | Found a staircase to the Orcish Mines.
 12248 | D:10     | Entered Level 10 of the Dungeon
 12332 | D:10     | Reached skill level 5 in Stealth
 12533 | D:10     | Reached *** piety under Okawaru
 12560 | D:10     | Reached skill level 5 in Axes
 12882 | D:11     | Noticed Josephine
 12909 | D:10     | Found Ceatowk's Antique Weapon Emporium.
 13034 | D:10     | Found a staircase to the Lair.
 13063 | D:10     | Reached skill level 6 in Fighting
 13088 | D:10     | HP: 2/83 [basilisk (6)]
 13091 | D:10     | Slain by a basilisk

Skill      XL: |  1  2  3  4  5  6  7  8  9 10 |
---------------+-------------------------------+-----
Dodging        | 1 2 3 4 5 |  5.6
Stealth        | 2 3 4 5 |  5.1
Spellcasting   | 1 2 3 4 |  4.2
Short Blades   | 1 2 3 4 5 |  5.8
Shields        | 1 2 3 4 |  4.2
Fighting       | 3 4 5 6 |  6.0
Evocations     | 1 2 3 4 |  4.3
Summonings     | 1 3 4 |  4.4
Axes           | 1 2 3 5 |  5.6
Invocations    | 1 2 |  2.8
Air Magic      | 1 2 |  2.5
Conjurations   | 1 2 |  2.3
Polearms       | |  3.8
Throwing       | |  1.9
Unarmed Combat | |  2.0
Transmutations | |  0.5

Action                   |  1- 3 |  4- 6 |  7- 9 | 10-12 || total
-------------------------+-------+-------+-------+-------++-------
Melee: Spear             |    70 |       |       |       ||    70
       Tailslap          |    15 |    28 |   106 |    70 ||   219
       Punch             |     3 |       |       |       ||     3
       Short sword       |    61 |   190 |   771 |    37 ||  1059
       War axe           |       |       |       |   359 ||   359
Throw: Stone             |       |       |       |     3 ||     3
 Cast: Summon Small Mamm |       |       |     2 |       ||     2
       Beastly Appendage |       |       |       |     1 ||     1
Invok: Heroism           |       |       |    10 |    11 ||    21
Evoke: Wand              |       |     2 |     7 |       ||     9
  Use: Scroll            |     9 |     4 |    11 |       ||    24
       Potion            |       |       |     3 |     1 ||     4
 Stab: Sleeping          |     3 |     1 |    10 |     4 ||    18
       Paralysed         |       |       |    10 |       ||    10
       Distracted        |       |       |     1 |     2 ||     3
       Confused          |       |       |       |     3 ||     3
  Eat: Chunk             |     1 |     6 |    20 |     4 ||    31
       Ration            |       |       |     2 |     2 ||     4
Armor: Skin              |    54 |    40 |   196 |    84 ||   374
Dodge: Dodged            |   105 |    69 |   351 |   334 ||   859
Block: Buckler           |    18 |    31 |   182 |   137 ||   368
